 Dungeon Crawl Stone Soup version 0.29.1-12-g30fa7ad0bf (webtiles) character file.

Game seed: 3938374347374127481

141687 RapScallion the Executioner (level 17, -3/133 (160) HPs)
             Began as a Hill Orc Fighter on Jan 17, 2023.
             Was the Champion of Okawaru.
             Slain by a ghost moth (14 damage)
             ... led by a torpor snail
             ... on level 1 of the Spider Nest on Jan 18, 2023.
             The game lasted 02:53:27 (30962 turns).

RapScallion the Executioner (Hill Orc Fighter)     Turns: 30962, Time: 02:53:28

HP:   -3/133 (160)  AC: 42    Str: 32 (33) XL:     17   Next: 4%
MP:   1/22          EV:  9    Int:  6 (8)  God:    Okawaru [******]
Gold: 1800          SH:  0    Dex:  7 (10) Spells: 16/16 levels left

rFire   . . .      SeeInvis .   l - +6 executioner's axe (protect)
rCold   . . .      Faith    .   (shield currently unavailable)
rNeg    . . .      Spirit   .   Q - +11 plate armour of the Gardener {rPois}
rPois   +          Reflect  .   q - +2 helmet
rElec   .          Harm     .   u - +2 cloak {Stlth+}
rCorr   .          Rampage  .   P - +2 pair of gloves
Will    +....                   F - +2 pair of boots {Fly}
Stlth   ..........              B - amulet of regeneration
HPRegen 1.12/turn               E - +4 ring of slaying
MPRegen 0.18/turn               G - +6 ring of strength

@: flying, slowed, heavily drained, very slow
A: no striking features
}: 1/15 runes: decaying
a: Renounce Religion, Heroism, Finesse, Duel


You were on level 1 of the Spider Nest.
You worshipped Okawaru.
Okawaru was exalted by your worship.
You visited 6 branches of the dungeon, and saw 25 of its levels.
You also visited: Sewer, Ossuary and Volcano.

You collected 2550 gold pieces.
You spent 750 gold pieces at shops.

Inventory:

Hand Weapons
 l - a +6 executioner's axe of protection (weapon)
 r - a +0 broad axe of electrocution
 M - a +1 demon trident of venom
 O - a +3 hand axe of flaming
Missiles
 b - 6 silver javelins
 y - 47 poisoned darts (quivered)
Armour
 c - a +0 buckler
 q - a +2 helmet (worn)
 u - a +2 cloak of stealth (worn)
 F - a +2 pair of boots of flying (worn)
 L - the +1 pair of boots "Wixkataps" {Will++ Int+3 Dex-5}
   (Okawaru gifted it to you on level 3 of the Swamp)

   Int:       It affects your intelligence (+3).
   Dex:       It affects your dexterity (-5).
   Will:      It greatly increases your willpower.
 P - a +2 pair of gloves (worn)
 Q - the +11 plate armour of the Gardener (worn) {rPois}
   (You found it on level 3 of the Lair of Beasts)

   rPois:     It protects you from poison.
Jewellery
 g - a ring of poison resistance
 o - a +4 ring of protection
 v - a ring of positive energy
 B - an amulet of regeneration (around neck)
 E - a +4 ring of slaying (left hand)
 G - a +6 ring of strength (right hand)
 K - an amulet of reflection
Wands
 d - a wand of polymorph (4)
 x - a wand of iceblast (19)
 R - a wand of flame (9)
Scrolls
 h - 18 scrolls of identify
 n - 5 scrolls of fear
 s - a scroll of enchant armour
 w - 6 scrolls of fog
 D - 7 scrolls of teleportation
 H - a scroll of silence
 I - 6 scrolls of immolation
 S - a scroll of amnesia
Potions
 a - 6 potions of flight
 e - 3 potions of magic
 f - 3 potions of resistance
 i - 2 potions of heal wounds
 j - 7 potions of brilliance
 k - 4 potions of curing
 m - 8 potions of mutation
 t - 6 potions of lignification
 z - 6 potions of might
 A - 2 potions of invisibility
 C - 4 potions of haste
 J - 2 potions of cancellation
 N - a potion of berserk rage


   Skills:
 + Level 16.6 Fighting
 - Level 9.6 Long Blades
 + Level 22.7(23.5) Axes
 + Level 9.1(15.4) Polearms
 + Level 15.3 Armour
 - Level 1.0 Dodging
 - Level 0.3 Stealth
 + Level 8.7 Shields
 + Level 7.1 Invocations


You had 16 spell levels left.
You didn't know any spells.
Your spell library contained the following spells:

 Spells                   Type           Power      Damage    Failure   Level
 Sting                    Tmut/Pois      0%         1d3       94%         1
 Ensorcelled Hibernation  Hex/Ice        0%         N/A       98%         2
 Passwall                 Tmut/Erth      0%         N/A       98%         2
 Poisonous Vapours        Pois/Air       0%         N/A       98%         2
 Scorch                   Fire           0%         2d5       98%         2
 Swiftness                Air            0%         N/A       100%        3
 Corpse Rot               Necr/Pois/Air  0%         N/A       100%        4
 Dispel Undead            Necr           0%         3d6       100%        4
 Flame Wave               Conj/Fire      0%         2d4       100%        4
 Olgreb's Toxic Radiance  Pois           0%         N/A       100%        4
 Passage of Golubria      Tloc           0%         N/A       100%        4
 Petrify                  Tmut/Erth      0%         N/A       100%        4
 Borgnjor's Vile Clutch   Necr/Erth      0%         N/A       100%        5
 Fireball                 Conj/Fire      0%         3d3       100%        5
 Iskenderun's Battlesphe  Conj           0%         2d6       100%        5
 Metabolic Englaciation   Hex/Ice        0%         N/A       100%        5
 Yara's Violent Unravell  Hex/Tmut       0%         3d3       100%        5
 Conjure Ball Lightning   Conj/Air       0%         3x3d6     100%        6
 Eringya's Noxious Bog    Tmut/Pois      0%         N/A       100%        6
 Statue Form              Tmut/Erth      0%         N/A       100%        6
 Orb of Destruction       Conj           0%         9d5       100%        7
 Tukima's Dance           Hex            Unusable   N/A       N/A         3
 Animate Dead             Necr           Unusable   N/A       N/A         4
 Summon Forest            Summ/Tloc      Unusable   N/A       N/A         5
 Death Channel            Necr           Unusable   N/A       N/A         6
 Summon Cactus Giant      Summ           Unusable   N/A       N/A         6
 Summon Hydra             Summ           Unusable   N/A       N/A         7

Dungeon Overview and Level Annotations

Branches:
Dungeon (12/15)            Temple (1/1) D:6            Lair (5/5) D:8
  Swamp (4/4) Lair:2       Spider (1/4) Lair:3        Slime (0/5) Lair:4
    Orc (2/2) D:11            Elf (0/3) Orc:2         Sewer (visited)
Ossuary (visited)         Volcano (visited)

Altars:
Ashenzari
Cheibriados
Dithmenos
Elyvilon
Fedhas
Kikubaaqudgha
Makhleb
Nemelex Xobeh
Okawaru
Qazlal
Ru
Sif Muna
Trog
Uskayaw
Vehumet
Xom
Yredelemnul
Zin
The Shining One
Jiyva

Shops:
Orc:1 *   Orc:2 ![=:*:

Annotations:
D:3 2 transporters
D:9 2 runed translucent doors, Romesagentofchaos's ghost, journeyman HOFi
Swamp:3 2 transporters, exclusion: obsidian statue


Message History

* * * LOW HITPOINT WARNING * * *
Something hits you but does no damage.
Something stings you but does no damage.
The torpor snail bites you but does no damage.
Something hits you but does no damage. x2
Something stings you but does no damage.
You feel much better.
Something hits you but does no damage. x2
Something stings you!
* * * LOW HITPOINT WARNING * * *
You feel dopey.
The torpor snail bites you but does no damage.
Okay, then.
The torpor snail attacks as you move away!
The torpor snail closely misses you.
Something hits you but does no damage. x2
Something stings you.
* * * LOW HITPOINT WARNING * * *
Something hits you but does no damage. x2
Something stings you but does no damage.
The torpor snail attacks as you move away!
The torpor snail bites you!
* * * LOW HITPOINT WARNING * * *
You feel you are being watched by something.
You feel your power leaking away. Something hits you but does no damage.
Something hits you.
* * * LOW HITPOINT WARNING * * *
You feel clumsy.
Something stings you but does no damage.
You feel much better.
You feel you are being watched by something.
Something hits you!
* * * LOW HITPOINT WARNING * * *
Something hits you but does no damage. Something stings you!
* * * LOW HITPOINT WARNING * * *
The torpor snail completely misses you.
You feel you are being watched by something.
Something hits you but does no damage. x2
Something stings you but does no damage.
As you read the scroll of fog, it crumbles to dust.
The scroll dissolves into smoke.
Something hits you!
You die...

##.#..##..# ##.....^#
.# ##.†..#### #..†(...#
###^.#.†...#
###...##..########
##.#^...####..#<..# .
#..†.†.##§...##..##
..^##....†.{@§§)....##
.........#.w§§§......#
#.....†..##.§....######
#.#....#..#..#..).....#
#....####..#.#.....##
#..#. #..#####...##
#..#. #### #....# #. ##
##.### ## ###


You could see a torpor snail.

Vanquished Creatures
  the Lernaean hydra (Swamp:4)
  A thorn hunter (Swamp:4)
  Gastronok (Lair:2)
  A fenstrider witch (Swamp:3)
  2 eleionomae
  5 bunyips
  Josephine (Lair:4)
  A shambling mangrove (Swamp:2)
  A fire dragon (Volcano)
  An ice dragon (Lair:5)
  Fannar (D:11)
  A ghost crab (Swamp:2)
  17 hydras
  3 boulder beetles
  2 jorogumos (Spider:1)
  14 alligators
  A centaur warrior (D:9)
  Erica (D:8)
  6 two-headed ogres
  7 death yaks (D:8)
  5 orc high priests (Orc:2)
  Urug (D:10)
  Nergalle (D:11)
  4 spriggans
  A pharaoh ant (Spider:1)
  A fire crab (Lair:4)
  A spriggan druid (Swamp:2)
  7 swamp dragons
  4 goliath frogs
  3 orb spiders (Spider:1)
  3 bog bodies
  6 orc knights
  6 lindwurms
  A cyclops (Orc:1)
  2 manticores
  3 wolf spiders (Spider:1)
  4 orc sorcerers
  5 will-o-the-wisps
  8 elephants
  Joseph (D:7)
  7 black mambas
  A smoke demon (Volcano)
  3 centaur skeletons (D:10)
  6 torpor snails
  6 cane toads
  2 demonic crawlers (Spider:1)
  4 unseen horror zombies (D:9)
  8 komodo dragons
  A kobold demonologist (D:12)
  A bloated husk (Swamp:3)
  3 hellwings (D:10)
  7 trolls
  3 tarantellas (Spider:1)
  13 polar bears
  8 tyrant leeches
  4 blink frogs (Lair:2)
  19 hornets
  Prince Ribbit (D:5)
  4 raiju (Lair:5)
  Grinder (D:3)
  6 dream sheep (Lair:3)
  Sigmund (D:3)
  3 jumping spiders (Spider:1)
  2 shadows (D:10)
  6 wyverns
  7 wraiths
  4 culicivoras (Spider:1)
  2 vampires
  2 basilisks
  Eustachio (D:4)
  33 yaks
  4 steam dragons
  2 redbacks (Spider:1)
  Menkaure (D:5)
  18 vampire mosquitoes
  19 swamp worms
  7 wargs
  An acid dragon (D:10)
  16 hell hounds
  7 water moccasins
  3 ice beasts
  9 swamp drakes
  24 orc warriors
  A sky beast (D:7)
  13 black bears
  5 ogres
  24 wolves
  2 centaurs
  2 phantoms
  10 kobold brigands
  10 bullfrogs
  3 gnoll sergeants
  2 necrophages
  13 scorpions
  8 wights (D:9)
  9 killer bees
  6 howler monkeys
  9 centaur zombies
  24 orc priests
  4 hounds
  Crazy Yiuf (D:3)
  4 jellies
  Jessica (D:2)
  Terence (D:3)
  An iguana (D:7)
  A scorpion zombie (Ossuary)
  10 orc wizards
  11 hell rats
  A centaur simulacrum (D:9)
  3 mummies (Ossuary)
  11 adders
  8 gnolls
  3 shadow imps
  2 white imps
  2 ufetubi
  4 worms
  A dart slug (D:4)
  54 orcs
  5 bats
  9 endoplasms
  8 giant cockroaches
  2 gnoll zombies (Ossuary)
  7 goblins
  5 hobgoblins
  6 jackals
  27 kobolds
  7 quokkas
  11 ball pythons
  7 frilled lizards
  A goblin zombie (Ossuary)
  A hobgoblin zombie (Ossuary)
  2 kobold zombies (Ossuary)
  An orc zombie (Ossuary)
  4 rats
782 creatures vanquished.

Vanquished Creatures (others)
  A shambling mangrove (Swamp:2)
  2 bloated husks
  A hornet (Swamp:2)
  2 orc wizards
  A briar patch (Swamp:4)
  22 foxfires
  15 fungi
  42 plants
  6 withered plants (D:9)
92 creatures vanquished.

Grand Total: 874 creatures vanquished

Notes
Turn   | Place    | Note
-------+----------+-------------------------------------------
     0 | D:1      | RapScallion the Hill Orc Fighter began the quest for the
                  | Orb.
     0 | D:1      | Reached XP level 1. HP: 19/19 MP: 1/1
   216 | D:1      | Reached XP level 2. HP: 23/27 MP: 2/2
   555 | D:1      | Reached skill level 3 in Axes
   628 | D:1      | Reached XP level 3. HP: 33/33 MP: 3/3
   789 | D:1      | Found a faded altar of an unknown god.
  1403 | D:2      | Noticed Jessica
  1409 | D:2      | Killed Jessica
  1410 | D:2      | Reached skill level 4 in Axes
  1410 | D:2      | Reached XP level 4. HP: 35/40 MP: 4/4
  2163 | D:2      | Reached XP level 5. HP: 46/46 MP: 5/5
  2458 | D:3      | Found a transporter.
  2469 | D:3      | Found a transporter.
  2497 | D:3      | Noticed Sigmund
  2511 | D:3      | Killed Sigmund
  2512 | D:3      | Reached skill level 5 in Axes
  2512 | D:3      | Reached skill level 5 in Armour
  2512 | D:3      | Reached XP level 6. HP: 53/53 MP: 6/6
  2649 | D:3      | Noticed Grinder
  2667 | D:3      | Killed Grinder
  2668 | D:3      | Reached skill level 1 in Polearms
  2668 | D:3      | Reached skill level 1 in Dodging
  2668 | D:3      | Reached XP level 7. HP: 60/60 MP: 7/7
  2781 | D:3      | Noticed Terence
  2791 | D:3      | Killed Terence
  2792 | D:3      | Reached skill level 6 in Axes
  2955 | D:3      | Found a runed translucent door.
  2956 | D:3      | Noticed Crazy Yiuf
  2963 | D:3      | Killed Crazy Yiuf
  3463 | D:4      | Reached skill level 5 in Fighting
  3994 | D:4      | Noticed Eustachio
  4008 | D:4      | Killed Eustachio
  4103 | D:4      | Identified the +0 scale mail "Warij" {Dex+5}
  4272 | D:5      | Entered Level 5 of the Dungeon
  4304 | D:5      | Reached XP level 8. HP: 66/68 MP: 8/8
  4369 | D:5      | Noticed Prince Ribbit
  4398 | D:5      | Killed Prince Ribbit
  5080 | D:5      | Noticed Menkaure
  5092 | D:5      | Killed Menkaure
  5388 | D:5      | Reached skill level 5 in Polearms
  5523 | D:5      | Reached skill level 5 in Shields
  6128 | D:7      | Reached XP level 9. HP: 70/75 MP: 9/9
  6518 | D:6      | Found a glowing drain.
  6526 | Sewer    | Entered a sewer
  7321 | Sewer    | Reached skill level 7 in Axes
  8254 | D:6      | Reached skill level 8 in Axes
  8273 | D:6      | Found a staircase to the Ecumenical Temple.
  8442 | Temple   | Entered the Ecumenical Temple
  8487 | Temple   | Became a worshipper of Warmaster Okawaru
  9249 | D:7      | Noticed Joseph
  9254 | D:7      | Reached XP level 10. HP: 86/86 MP: 10/10
  9268 | D:7      | Killed Joseph
  9269 | D:7      | Reached skill level 9 in Axes
  9491 | D:7      | Reached * piety under Okawaru
  9814 | D:8      | Found a shimmering blue altar of Sif Muna.
  9839 | D:8      | Found a sand-covered staircase.
  9869 | Ossuary  | Entered an ossuary
 10115 | Ossuary  | Reached skill level 10 in Axes
 10296 | D:8      | Found a glowing golden altar of the Shining One.
 10563 | D:8      | Noticed a death yak
 10563 | D:8      | Noticed Erica
 10585 | D:8      | Killed a death yak
 10585 | D:8      | Reached ** piety under Okawaru
 10614 | D:8      | Killed Erica
 10615 | D:8      | Reached skill level 11 in Axes
 10615 | D:8      | Reached skill level 10 in Armour
 10788 | D:8      | Noticed a death yak
 10806 | D:8      | Noticed a death yak
 10806 | D:8      | Noticed a death yak
 10806 | D:8      | Noticed a death yak
 10807 | D:8      | Found a staircase to the Lair.
 10807 | D:8      | Noticed a death yak
 10807 | D:8      | Noticed a death yak
 10838 | D:9      | Reached *** piety under Okawaru
 10949 | D:9      | Reached XP level 11. HP: 77/95 MP: 11/11
 11155 | D:9      | Found a large runed translucent door.
 11155 | D:9      | Found a large runed translucent door.
 11161 | D:9      | Noticed Romesagentofchaos's ghost (journeyman HOFi)
 11366 | D:9      | Reached skill level 12 in Axes
 11591 | D:8      | You fall into a shaft and drop 3 floors!
 11642 | D:10     | Entered Level 10 of the Dungeon
 11788 | D:8      | Killed a death yak
 11788 | D:8      | Reached **** piety under Okawaru
 11802 | D:8      | Killed a death yak
 11981 | D:8      | Killed a death yak
 11981 | D:8      | Reached ***** piety under Okawaru
 11991 | D:8      | Killed a death yak
 11992 | D:8      | Reached skill level 13 in Axes
 11992 | D:8      | Reached skill level 1 in Invocations
 12007 | D:8      | Killed a death yak
 12007 | D:8      | Received a gift from Okawaru
 12022 | D:8      | Killed a death yak
 12607 | D:9      | Reached skill level 10 in Fighting
 12897 | D:9      | Identified the +9 long sword "Efyethaat" {venom, rF+ Str+9
                  | Int-4 Stlth+}
 12934 | D:9      | Noticed a centaur warrior
 13084 | D:9      | Noticed a manticore
 13097 | D:9      | Killed a manticore
 13098 | D:9      | Reached skill level 1 in Long Blades
 13098 | D:9      | Reached XP level 12. HP: 77/106 MP: 10/12
 13570 | D:9      | Killed a centaur warrior
 13888 | D:9      | Found an ancient bone altar of Kikubaaqudgha.
 13895 | D:9      | Noticed a two-headed ogre
 13906 | D:9      | Killed a two-headed ogre
 14300 | D:10     | Noticed Urug
 14542 | D:10     | Killed Urug
 14543 | D:10     | Reached skill level 5 in Long Blades
 15011 | D:10     | Noticed a two-headed ogre
 15020 | D:10     | Killed a two-headed ogre
 16113 | D:10     | Found the +4 Cigotuvi's embrace {rMiasma Drain rN+}
 16153 | D:11     | Found a staircase to the Orcish Mines.
 16155 | D:11     | Noticed Fannar
 16835 | D:11     | Identified the +8 falchion "Vaedyi Syac" {vorpal, rF+ Dex+4
                  | Stlth+}
 16850 | D:11     | Noticed a two-headed ogre
 16861 | D:11     | Killed a two-headed ogre
 16862 | D:11     | Reached XP level 13. HP: 116/116 MP: 7/15
 17093 | D:11     | Killed Fannar
 17168 | D:11     | Noticed Nergalle
 17182 | D:11     | Killed Nergalle
 17213 | D:11     | Found an iron altar of Okawaru.
 18056 | D:12     | Received a gift from Okawaru
 18669 | Lair:1   | Entered Level 1 of the Lair of Beasts
 18933 | Lair:1   | Reached skill level 14 in Axes
 19977 | Lair:2   | Found a blossoming altar of Fedhas.
 19986 | Lair:2   | Noticed Gastronok
 20005 | Lair:2   | Killed Gastronok
 20005 | Lair:2   | Received a gift from Okawaru
 20132 | Lair:2   | Found a dark tunnel.
 20148 | Volcano  | Entered a volcano
 20361 | Volcano  | Reached skill level 15 in Axes
 20432 | Volcano  | Noticed a fire dragon
 20449 | Volcano  | Killed a fire dragon
 20802 | Lair:2   | Reached XP level 14. HP: 123/126 MP: 15/17
 20861 | Lair:2   | Found a staircase to the Swamp.
 21176 | Lair:3   | Found a hole to the Spider Nest.
 21224 | Lair:3   | Reached skill level 16 in Axes
 21657 | Lair:3   | Identified the +11 plate armour of the Gardener {rPois}
 22510 | Lair:4   | Noticed Josephine
 22517 | Lair:4   | Killed Josephine
 22584 | Lair:4   | Found a viscous altar of Jiyva.
 22584 | Lair:4   | Found a staircase to the Slime Pits.
 22926 | Lair:4   | Reached skill level 5 in Invocations
 22957 | Lair:4   | Reached skill level 17 in Axes
 23402 | Lair:5   | Entered Level 5 of the Lair of Beasts
 23668 | Lair:4   | Received a gift from Okawaru
 23685 | Lair:5   | Reached ****** piety under Okawaru
 23864 | Lair:5   | Reached skill level 18 in Axes
 23961 | Lair:5   | Received a gift from Okawaru
 24467 | Lair:5   | Reached XP level 15. HP: 137/137 MP: 19/19
 24696 | Lair:5   | Found a runed translucent door.
 24857 | Lair:5   | Paralysed by a hornet for 1 turns
 24860 | Lair:5   | Reached skill level 19 in Axes
 26150 | Orc:1    | Entered Level 1 of the Orcish Mines
 26171 | Orc:1    | Received a gift from Okawaru
 26410 | Orc:1    | Found Bootad's Gadget Gallery.
 26551 | Orc:2    | Entered Level 2 of the Orcish Mines
 26748 | Orc:2    | Paralysed by an orc sorcerer for 5 turns
 26915 | Orc:2    | Found Loorriph's Armour Emporium.
 27285 | Orc:2    | Found Qeplyoco's Distillery.
 27358 | Orc:2    | Found a staircase to the Elven Halls.
 27568 | Orc:2    | Reached skill level 20 in Axes
 27837 | Orc:2    | Found Ysaly's Book Shoppe.
 27837 | Orc:2    | Found Raah's Jewellery Shoppe.
 27838 | Orc:2    | Found Kofuag's Assorted Antiques.
 27838 | Orc:2    | Found Hodatul's Book Shoppe.
 27857 | Orc:2    | Bought an amulet of reflection for 360 gold pieces
 27952 | Orc:2    | Bought a potion of curing for 45 gold pieces
 27952 | Orc:2    | Bought a potion of cancellation for 120 gold pieces
 27952 | Orc:2    | Bought a potion of heal wounds for 75 gold pieces
 27952 | Orc:2    | Bought a potion of heal wounds for 75 gold pieces
 27952 | Orc:2    | Bought a potion of heal wounds for 75 gold pieces
 28083 | Swamp:1  | Entered Level 1 of the Swamp
 28214 | Swamp:1  | Identified the +11 long sword "Gilalax" {vorpal, Dex+6}
                  | (Okawaru gifted it to you on level 1 of the Swamp)
 28214 | Swamp:1  | Received a gift from Okawaru
 28257 | Swamp:1  | Reached skill level 15 in Fighting
 28276 | Swamp:1  | You are sucked into a shaft and drop 1 floor!
 28293 | Swamp:2  | Reached skill level 21 in Axes
 28357 | Swamp:2  | Reached XP level 16. HP: 141/149 MP: 21/21
 28818 | Swamp:3  | Noticed a fenstrider witch
 28819 | Swamp:3  | Found a transporter.
 28819 | Swamp:3  | Noticed a tentacled monstrosity
 28820 | Swamp:3  | Noticed a tentacled monstrosity
 28824 | Swamp:3  | Noticed a fenstrider witch
 28830 | Swamp:3  | Noticed a tentacled monstrosity
 28831 | Swamp:3  | Noticed a tentacled monstrosity
 28837 | Swamp:3  | Noticed a fenstrider witch
 28839 | Swamp:3  | Found a transporter.
 28857 | Swamp:3  | Identified the +1 pair of boots "Wixkataps" {Will++ Int+3
                  | Dex-5} (Okawaru gifted it to you on level 3 of the Swamp)
 28857 | Swamp:3  | Received a gift from Okawaru
 28863 | Swamp:3  | Noticed a fenstrider witch
 28872 | Swamp:3  | Paralysed by a fenstrider witch for 3 turns
 28880 | Swamp:3  | Killed a fenstrider witch
 28881 | Swamp:3  | Reached skill level 22 in Axes
 29221 | Swamp:4  | Entered Level 4 of the Swamp
 29423 | Swamp:4  | Noticed a thorn hunter
 29455 | Swamp:4  | Killed a thorn hunter
 29802 | Swamp:4  | Noticed the 27-headed Lernaean hydra
 29835 | Swamp:4  | Killed the 27-headed Lernaean hydra
 29836 | Swamp:4  | Reached skill level 15 in Armour
 30572 | Swamp:4  | Got a decaying rune of Zot
 30740 | Spider:1 | Entered Level 1 of the Spider Nest
 30798 | Spider:1 | Received a gift from Okawaru
 30918 | Spider:1 | Reached XP level 17. HP: 105/149 MP: 19/22
 30947 | Spider:1 | HP: 1/127 [jorogumo/bolt of negative energy (32)]
 30957 | Spider:1 | HP: 6/133 [something (13)]
 30962 | Spider:1 | Slain by a ghost moth

Illustrated notes

Levels and vault maps discovered:
D:1:      onia_arrival_mini_spirals, layout_rooms,
          hellmonk_ecumenical_altar_heavens_door, minmay_misc_feat_chi,
          minmay_misc_feat_rugged, chequers_serial_rivers_micro_a,
          minmay_bisected
D:2:      layout_basic, uniq_jessica
D:3:      gammafunk_wand_slinger, layout_loops_cross, uniq_crazy_yiuf_cottage,
          uniq_terence, uniq_grinder, uniq_sigmund
D:4:      layout_loops_ring, serial_rivers, chequers_serial_rivers_micro_d,
          chequers_serial_rivers_small_b, chequers_serial_rivers_micro_d,
          chequers_serial_rivers_room_b, chequers_serial_rivers_micro_a,
          chequers_serial_rivers_micro_c, chequers_garden, uniq_eustachio
D:5:      corexii_shack_village, layout_cave_pods, uniq_menkaure,
          uniq_prince_ribbit1
D:6:      layout_gridville, minmay_temple_entry_from_below_a,
          gup_sewer_entry_bubbles
D:7:      wander_river, layout_rooms, minmay_quadrilaterals, uniq_joseph
D:8:      layout_basic, mainiacjoe_overflow_large_starburst, dpeg_lair_monsters,
          enter_ossuary_1, uniq_erica
D:9:      cheibrodos_fzero, layout_rooms, nicolae_kikubaaqudgha_miasma_corner,
          ebering_ghost_disaster_area, serial_undead, serial_undead_f,
          serial_undead_b, serial_undead_b, serial_undead_a,
          hangedman_decor_push
D:10:     layout_basic, hellmonk_guarded_unrand_cigotuvi, uniq_urug
D:11:     layout_layer_cave, orc_0_dummy, okawaru_ov_weapons_minmay,
          uniq_fannar, uniq_nergalle
D:12:     layout_roguey, chequers_serial_rivers_marsh
Temple:   compressed_dpeg_triangle_lava_temple
Lair:1:   layout_cave_pods, grunt_megastairs_5
Lair:2:   layout_chaotic_city, minmay_swamp_entry_worms, enter_volcano_1,
          basic_altar, serial_bayou_shore_b, serial_bayou_shore_a,
          uniq_gastronok
Lair:3:   layout_cave_pods, spider_nest_entry_a, gauntlet_entry_generic
Lair:4:   layout_gridlike, slime_entry_1, cheibrodos_lair_caveside_slide,
          uniq_josephine
Lair:5:   hangedman_lair_caniforms_friends, layout_regular_city, wormcave
Swamp:1:  layout_falls_marsh, evilmike_swamp_ruin_house_3, uniq_kirke
Swamp:2:  layout_basic_swamp, hangedman_swamp_ruin_hall, swamp_pool1
Swamp:3:  gammafunk_sealed_arena, layout_basic_swamp,
          evilmike_swamp_ruin_house_5, swamp_pool3
Swamp:4:  swamp_old_school, layout_basic_swamp, swamp_pool2
Spider:1: layout_spider_delve, nicolae_spider_rock_and_or_roll
Orc:1:    layout_caves, nicolae_shop_gadgets
Orc:2:    st_orc_pillars, layout_caves, serial_shops, shop, shop

Skill      XL: |  1  2  3  4  5  6  7  8  9 10 11 12 13 14 15 16 |
---------------+-------------------------------------------------+-----
Fighting       | 4 5 6 7 8 10 11 12 13 15 16 | 16.6
Axes           | 3 4 5 6 8 11 13 15 18 21 22 | 22.7
Armour         | 4 5 6 7 8 10 11 12 13 14 15 | 15.3
Shields        | 4 5 6 7 8 |  8.7
Polearms       | 1 3 6 7 9 |  9.1
Dodging        | 1 |  1.0
Invocations    | 1 2 4 5 7 |  7.1
Long Blades    | 1 8 9 |  9.6
Stealth        | |  0.3

Action                   |  1- 3 |  4- 6 |  7- 9 | 10-12 | 13-15 | 16-18 || total
-------------------------+-------+-------+-------+-------+-------+-------++-------
Melee: War axe           |    88 |    69 |       |       |       |       ||   157
       Spear             |       |    26 |   250 |       |       |       ||   276
       Hand axe          |       |       |   210 |   360 |       |       ||   570
       Long sword        |       |       |       |   306 |   137 |       ||   443
       Executioner's axe |       |       |       |       |   746 |   201 ||   947
       Demon trident     |       |       |       |       |    32 |   119 ||   151
       Punch             |       |       |       |       |     1 |     3 ||     4
Invok: Heroism           |       |       |       |    13 |    40 |     6 ||    59
       Finesse           |       |       |       |     3 |    14 |     1 ||    18
  Use: Potion            |       |     1 |     4 |     5 |       |     7 ||    17
       Scroll            |       |       |    14 |    13 |    16 |     4 ||    47
Armor: Scale mail        |    44 |    38 |       |       |       |       ||    82
       Plate armour      |       |     9 |   225 |   150 |   533 |   560 ||  1477
       Chain mail        |       |       |       |   270 |   297 |       ||   567
Dodge: Dodged            |    50 |    26 |   110 |   265 |   504 |   230 ||  1185
Block: Buckler           |    30 |    14 |    81 |   160 |    53 |       ||   338
